 Dungeon Crawl Stone Soup version 0.20-a0-2-g2b0e13a (webtiles) character file.

1668 Kidiri the Thaumaturge (level 8, -9/44 HPs)
             Began as a Deep Elf Fire Elementalist on Oct 28, 2016.
             Splashed by an oklob plant's acid (10 damage)
             ... on level 4 of the Dungeon.
             The game lasted 00:18:12 (7562 turns).

Kidiri the Thaumaturge (Deep Elf Fire Elementalist) Turns: 7562, Time: 00:18:13

Health: -9/44      AC: -3    Str:  5    XL:     8   Next: 69%
Magic:  20/31      EV: 15    Int: 23    God:
Gold:   214        SH:  0    Dex: 18    Spells: 6 memorised, 5 levels left

rFire  . . .     SeeInvis .     y - +0 dagger (protect)
rCold  . . .     Gourm    .     z - +0 robe {MR+}
rNeg   . . .     Faith    .     (no shield)
rPois  .         Spirit   .     (no helmet)
rElec  .         Reflect  .     l - +0 cloak
rCorr  .         Harm     .     (no gloves)
MR     +....                    q - +0 pair of boots
Stlth  ++........               (no amulet)
                                s - +3 ring of dexterity
                                m - ring of magical power

@: corroded
A: no striking features
a: no special abilities


You were on level 4 of the Dungeon.
You were not hungry.

You visited 1 branch of the dungeon, and saw 4 of its levels.

You collected 214 gold pieces.

Inventory:

Hand Weapons
 y - a +0 dagger of protection (weapon)
Armour
 f - a +0 leather armour
 h - a cursed +0 buckler
 l - a +0 cloak (worn)
 q - a +0 pair of boots (worn)
 z - a +0 robe of magic resistance (worn)
Jewellery
 m - a ring of magical power (left hand)
 s - a +3 ring of dexterity (right hand)
Scrolls
 d - a scroll of fog
 g - a scroll of enchant armour {unknown}
 k - a scroll of magic mapping
 t - a scroll of noise {unknown}
 v - a scroll of fear {unknown}
Potions
 e - a potion of lignification
 j - a potion of brilliance
 n - a potion of magic
 o - a potion of berserk rage
 u - 2 potions of ambrosia {unknown}
 x - 2 potions of might {unknown}
Books
 b - a book of Flames

   Spells                             Type                      Level
   a - Flame Tongue                   Conjuration/Fire             1
   b - Throw Flame                    Conjuration/Fire             2
   c - Conjure Flame                  Conjuration/Fire             3
   d - Inner Flame                    Hexes/Fire                   3
   e - Sticky Flame                   Conjuration/Fire             4
   f - Fireball                       Conjuration/Fire             5
Comestibles
 i - 2 meat rations


   Skills:
 + Level 2.3 Fighting
 + Level 2.5 Short Blades
 + Level 2.2 Armour
 + Level 4.1 Dodging
 - Level 2.4 Stealth
 + Level 2.1 Shields
 * Level 8.3 Spellcasting
 + Level 4.9 Conjurations
 + Level 6.1 Fire Magic


You had 5 spell levels left.
You knew the following spells:

 Your Spells              Type           Power        Failure   Level  Hunger
a - Flame Tongue          Conj/Fire      ####.        1%          1    None
b - Throw Flame           Conj/Fire      ####..       1%          2    None
c - Conjure Flame         Conj/Fire      ####....     1%          3    None
d - Inner Flame           Hex/Fire       ###.....     8%          3    None
e - Sticky Flame          Conj/Fire      ####....     10%         4    ##.....
f - Fireball              Conj/Fire      ####......   21%         5    #####..


Dungeon Overview and Level Annotations

Branches:
Dungeon (4/15)
 Temple: D:4-7

Altars:
Fedhas
Nemelex Xobeh
Okawaru
Qazlal
Ru

Annotations:
D:4 exclusion: oklob plant


Message History

The flame tongue hits the oklob plant.
The oklob plant is severely damaged.
The oklob plant spits acid at you. The splash of acid hits you!
The acid corrodes you!
You are splashed with acid!
The acid burns!
Unknown command.
Casting: Flame Tongue
Confirm with . or Enter, or press ? or * to list all spells.
Aiming: Sticky Flame
Press: ? - help, Shift-Dir - straight line, f/p - oklob plant
Aim: an oklob plant (severely damaged)
The sticky flame hits the oklob plant.
The oklob plant is severely damaged.
The oklob plant is covered in liquid flames!
The oklob plant burns!
The oklob plant spits acid at you. The splash of acid hits you!
* * * LOW HITPOINT WARNING * * *
The acid corrodes you!
You are splashed with acid!
The acid burns!
You die... #.#####.# #.#####.## #.##.....# ###.##.##..# ...........# #########..# #################### #.## #P.PPPPP#P##P#PPP#PP #.# #.PP%P.PP#PP...P# PP ###### #.# #P.@%.%PP##P#P#.##PP .....# #.# #P%.PPPPPPP#PP#.PPP.

.....# #.# #PP.PP.........PPPP#
.(...####.####PP.P#...≈≈.≈≈..P.PP
.....#.......#PP.....≈≈≈.≈≈≈..P#.
.....#.##.##.#.P....≈≈≈≈.≈≈≈≈..P#
##.###.##.##.#PP.#.≈≈≈≈≈.≈≈≈≈≈.PP
)...##.##.##.#PP...≈≈≈≈...≈≈≈≈.P#
###.<..##.##.#.PPP.≈≈≈≈._.≈≈≈≈.P.


You could see an oklob plant (burning).

Vanquished Creatures
  Pikel (D:4)
  The ghost of Capuchin the Shield-Bearer, an amateur MiFi (D:4)
  Grinder (D:3)
  A slave (D:4)
  An ogre (D:4)
  Blork the orc (D:4)
  A scorpion (D:4)
  4 orc wizards
  5 orc priests
  Crazy Yiuf (D:4)
  A bullfrog skeleton (D:4)
  Natasha (thrice) (D:2)
  A worker ant (D:3)
  4 gnolls
  4 adders (D:3)
  An ooze (D:1)
  2 adder skeletons (D:4)
  2 worms
  4 dart slugs
  2 leopard geckos
  21 orcs
  5 bats
  5 giant cockroaches
  10 goblins
  9 hobgoblins
  11 kobolds
  6 quokkas
  A ball python (D:4)
  3 frilled lizards
  2 leopard gecko skeletons (D:4)
  14 rats
  3 fungi (D:4)
  6 plants (D:4)
137 creatures vanquished.

Vanquished Creatures (others)
  A slave (D:4)
  A worker ant (D:4)
  A dart slug (D:4)
  An orc (D:4)
  A ball python (D:4)
  17 toadstools (D:4)
22 creatures vanquished.

Grand Total: 159 creatures vanquished

Notes
Turn   | Place    | Note
-------+----------+-------------------------------------------
     0 | D:1      | Kidiri the Deep Elf Fire Elementalist began the quest for the Orb.
     0 | D:1      | Reached XP level 1. HP: 10/10 MP: 6/6
   155 | D:1      | Reached XP level 2. HP: 4/15 MP: 0/8
   159 | D:1      | Learned a level 2 spell: Throw Flame
   941 | D:1      | Reached skill level 4 in Spellcasting
  1382 | D:2      | Noticed Natasha
  1393 | D:2      | Killed Natasha
  1393 | D:2      | Reached XP level 3. HP: 12/19 MP: 10/10
  1398 | D:2      | Learned a level 3 spell: Conjure Flame
  1400 | D:2      | Noticed Natasha
  1691 | D:2      | Killed Natasha
  1691 | D:2      | Reached XP level 4. HP: 16/24 MP: 12/12
  1699 | D:2      | Learned a level 3 spell: Inner Flame
  2077 | D:2      | Found a sacrificial altar of Ru.
  2951 | D:2      | Noticed Natasha
  2954 | D:2      | Killed Natasha
  2954 | D:2      | Reached skill level 5 in Spellcasting
  2979 | D:2      | Learned a level 4 spell: Sticky Flame
  3244 | D:2      | Reached XP level 5. HP: 19/28 MP: 14/14
  4121 | D:3      | Reached skill level 6 in Spellcasting
  4121 | D:3      | Reached XP level 6. HP: 30/32 MP: 17/17
  4129 | D:3      | Reached skill level 5 in Fire Magic
  4191 | D:3      | Learned a level 5 spell: Fireball
  4469 | D:3      | Noticed Grinder
  4953 | D:3      | Paralysed by Grinder for 4 turns
  4958 | D:3      | Killed Grinder
  4958 | D:3      | Reached skill level 1 in Short Blades
  4958 | D:3      | Reached XP level 7. HP: 18/37 MP: 19/19
  5171 | D:4      | Reached skill level 7 in Spellcasting
  5176 | D:4      | Reached skill level 1 in Fighting
  5550 | D:4      | Noticed Blork the orc
  5559 | D:4      | Killed Blork the orc
  5745 | D:4      | Reached skill level 1 in Shields
  5823 | D:4      | Reached skill level 1 in Armour
  5837 | D:4      | Found a sparkling altar of Nemelex Xobeh.
  5862 | D:4      | Found a blossoming altar of Fedhas.
  5895 | D:4      | Noticed an oklob plant
  6070 | D:4      | Found an iron altar of Okawaru.
  6121 | D:4      | Found a stormy altar of Qazlal.
  6125 | D:4      | Noticed an air elemental
  6134 | D:4      | Noticed Pikel
  6143 | D:4      | Killed Pikel
  6143 | D:4      | Reached XP level 8. HP: 39/44 MP: 15/21
  6313 | D:4      | Reached skill level 8 in Spellcasting
  6381 | D:4      | Noticed Capuchin's ghost (amateur MiFi)
  6389 | D:4      | Killed Capuchin's ghost
  6666 | D:4      | Found a runed door.
  6872 | D:4      | Noticed Crazy Yiuf
  6876 | D:4      | Killed Crazy Yiuf
  7562 | D:4      | HP: 1/44 [oklob plant/splash of acid (14)]
  7562 | D:4      | Splashed by an oklob plant's acid

Vault maps used:
D:1:      lemuel_arrival_muddy
D:2:      minmay_door_path, old_standard_altar, grunt_ministairs_3, uniq_natasha
D:3:      uniq_grinder
D:4:      cheibrodos_helix_gallery, nemelex_xobeh_ov_fountains_minmay,
          nicolae_qazlal_style_of_elements, okawaru_altar_gauntlet_db,
          tgw_fedhas, uniq_blork_the_orc, uniq_pikel, uniq_crazy_yiuf_cottage

Skill      XL: |  1  2  3  4  5  6  7  8 |
---------------+-------------------------+-----
Spellcasting   | 4 5 6 7 8 |  8.3
Conjurations   | 2 3 4 |  4.9
Fire Magic     | 4 5 6 |  6.1
Short Blades   | 1 2 |  2.5
Fighting       | 2 |  2.3
Shields        | 1 2 |  2.1
Armour         | 1 2 |  2.2
Dodging        | 3 4 |  4.1
Stealth        | |  2.4

Action                   |  1- 3 |  4- 6 |  7- 9 || total
-------------------------+-------+-------+-------++-------
Melee: Short sword       |    10 |       |       ||    10
       Dagger            |     1 |    40 |    43 ||    84
 Cast: Flame Tongue      |    39 |   106 |    66 ||   211
       Throw Flame       |     7 |    18 |    15 ||    40
       Sticky Flame      |       |     2 |     9 ||    11
       Conjure Flame     |       |     1 |     2 ||     3
       Inner Flame       |       |     1 |       ||     1
       Fireball          |       |       |    12 ||    12
  Use: Scroll            |       |    12 |     2 ||    14
       Potion            |       |       |     1 ||     1
 Stab: Sleeping          |     2 |     3 |     2 ||     7
  Eat: Chunk             |     2 |    10 |     3 ||    15
       Fruit             |       |       |     3 ||     3
       Beef jerky        |       |       |     2 ||     2
       Bread ration      |       |       |     1 ||     1
Armor: Robe              |     6 |    17 |     7 ||    30
Dodge: Dodged            |    27 |    43 |    30 ||   100
